 Dungeon Crawl Stone Soup version 0.15.0-25-gd84c1e8 (webtiles) character file.

74 Psiweapon the Practitioner (level 4, -3/32 HPs)
             Began as a Formicid Healer on Sept 10, 2014.
             Was a Believer of Elyvilon.
             Killed from afar by Grinder (5 damage)
             ... with a wand of magic darts
             ... on Level 6 of the Dungeon.
             The game lasted 00:11:41 (2276 turns).

Psiweapon the Practitioner (Formicid Healer)        Turns: 2276, Time: 00:11:41

HP  -3/32        AC  4     Str 16      XL: 4   Next: 52%
MP   8/8         EV 12     Int 12      God: Elyvilon [**....]
Gold 146         SH  0     Dex 11      Spells:  0 memorised,  3 levels left

rFire  . . .     SeeInvis +     w - +0 long sword
rCold  . . .     Clarity  .     a - +1 robe
rNeg   . . .     rCorr    .     (no shield)
rPois  .         rRot     .     (helmet unavailable)
rElec  .         Spirit   .     (no cloak)
SustAb .         Warding  .     x - +0 pair of gloves
rMut   .         Stasis   +     (no boots)
Gourm  .                        (no amulet)
MR     .....                    (no ring)
                                (no ring)

@: not resistant to hostile enchantments, unstealthy
A: permanent stasis, dig shafts and tunnels, four strong arms, antennae 3
a: Dig, Shaft Self, Lesser Healing, Lesser Self-Healing, Divine Protection,
Purification, Renounce Religion


You were on level 6 of the Dungeon.
You worshipped Elyvilon.
Elyvilon was pleased with you.
You were not hungry.

You visited 1 branch of the dungeon, and saw 5 of its levels.

You collected 146 gold pieces.

Inventory:

Hand weapons
 i - a +2 dagger of venom
 m - a +0 hunting sling
 w - a +0 long sword (weapon)
Missiles
 f - 13 stones (quivered)
 l - 29 sling bullets
Armour
 a - a +1 robe (worn)
 g - a +0 leather armour
 x - a +0 pair of gloves (worn)
Comestibles
 d - 2 bread rations
 h - a royal jelly
 u - 2 meat rations
 v - a chunk of rat flesh
 z - 2 chunks of rat flesh
Scrolls
 j - a scroll of immolation {unknown}
 k - a scroll of noise {unknown}
 n - a scroll of fear {unknown}
 o - a scroll of magic mapping {unknown}
 p - a scroll of amnesia {unknown}
 q - a scroll of identify {unknown}
 r - a scroll of remove curse {unknown}
 y - a scroll of enchant weapon {unknown}
Potions
 b - a potion of curing
 c - 2 potions of heal wounds
 e - a potion of brilliance {unknown}
 s - a potion of agility {unknown}
 t - a potion of flight {unknown}


   Skills:
 - Level 1.2 Fighting
 * Level 2.2 Short Blades
 - Level 2.0 Dodging
 + Level 1.6 Stealth
 - Level 0.2 Unarmed Combat
 + Level 4.2 Invocations


You had 3 spell levels left.
You didn't know any spells.

Dungeon Overview and Level Annotations

Branches:
Dungeon (6/15)
 Temple: D:4-7

Altars:
Okawaru
Xom

Annotations:
D:3 Sigmund
D:5 Menkaure
D:6 Grinder


Innate Abilities, Weirdness & Mutations

Your are under a permanent stasis effect.
You can dig through walls and to a lower floor.
Your four strong arms can wield two-handed weapons with a shield.
You have a pair of large antennae on your head (SInv).


Message History

Grinder zaps a wand.
The magic dart hits you!
There is an open door, spattered with blood here.
You slash Grinder!
Grinder is lightly wounded.
Grinder hits you.
You barely miss Grinder.
Grinder is lightly wounded.
Grinder gestures at you. Pain shoots through your body!
You closely miss Grinder.
Grinder is lightly wounded.
Grinder hits you.
* * * LOW HITPOINT WARNING * * *
You writhe in agony. x2
Grinder zaps a wand.
The magic dart hits you!
* * * LOW HITPOINT WARNING * * *
You barely miss Grinder.
Grinder is lightly wounded.
Grinder zaps a wand.
The magic dart hits you!
You die...

#.. ...## .... .... .
.###########..# ..#
..(.......##..##...#
....................
.............5......#
#..# #@##
#+####..####..##
#..............#
#..............#
<...............#
...............+
..#.##.###'##.## #
#.##.###.##.####+#####
..................>.....


You could see Grinder.

Vanquished Creatures
  An adder (D:2)
  A giant mite (D:6)
  A worm (D:2)
  An ooze (D:3)
  An orc (D:6)
  4 bats (D:1)
  2 giant cockroaches
  8 goblins
  3 hobgoblins
  7 kobolds
  7 rats
36 creatures vanquished.

Vanquished Creatures (others)
  A kobold (D:2)
  A ball python (D:1)
2 creatures vanquished.

Grand Total: 38 creatures vanquished

Notes
Turn   | Place    | Note
--------------------------------------------------------------
     0 | D:1      | Psiweapon, the Formicid Healer, began the quest for the Orb.
     0 | D:1      | Reached XP level 1. HP: 15/15 MP: 2/2
   595 | D:1      | Reached XP level 2. HP: 19/21 MP: 5/5
   987 | D:1      | Reached skill level 1 in Stealth
  1034 | D:1      | Reached XP level 3. HP: 26/26 MP: 6/6
  1171 | D:2      | Reached skill level 1 in Short Blades
  1408 | D:2      | Reached skill level 4 in Invocations
  1672 | D:2      | Reached XP level 4. HP: 32/32 MP: 8/8
  1777 | D:2      | Found a shimmering altar of Xom.
  2186 | D:3      | Noticed Sigmund
  2189 | D:3      | You fall through a shaft for 3 floors!
  2232 | D:5      | Entered Level 5 of the Dungeon
  2232 | D:5      | Found an iron altar of Okawaru.
  2234 | D:5      | Noticed Menkaure
  2263 | D:6      | Noticed Grinder
  2276 | D:6      | Killed from afar by Grinder

Action                   |  1- 3 |  4- 6 || total
-------------------------+-------+-------++-------
Melee: Unarmed           |    42 |       ||    42
       Dagger            |    47 |    54 ||   101
       Long sword        |       |     4 ||     4
Throw: Stone             |    11 |       ||    11
Invok: Lesser Healing    |    15 |     4 ||    19
 Abil: Shaft Self        |       |     1 ||     1
  Use: Potion            |     1 |       ||     1
 Stab: Sleeping          |       |     1 ||     1
  Eat: Chunk             |     2 |     1 ||     3
       Bread ration      |     1 |       ||     1
